 Dungeon Crawl Stone Soup version 0.29-a0-284-gf9362112df (webtiles) character file.

Game seed: 5067912469273462735

245 gzilladon the Ruffian (level 5, -1/53 HPs)
             Began as a Troll Berserker on Mar 23, 2022.
             Was a Believer of Trog.
             Slain by a gnoll
             ... wielding a +0 spear
              (6 damage)
             ... on level 4 of the Dungeon.
             The game lasted 00:11:04 (2147 turns).

gzilladon the Ruffian (Troll Berserker)             Turns: 2147, Time: 00:11:04

Health: -1/53      AC:  4    Str: 27    XL:     5   Next: 83%
Magic:  4/4        EV:  5    Int:  3    God:    Trog [**....]
Gold:   177        SH:  0    Dex:  9    Spells: 4/4 levels left

rFire   . . .      SeeInvis .     - Unarmed
rCold   . . .      Faith    .   (no shield)
rNeg    . . .      Spirit   .   a - +0 animal skin
rPois   +          Reflect  .   (helmet restricted)
rElec   .          Harm     .   (no cloak)
rCorr   .          Rampage  .   (gloves unavailable)
Will    .....                   (boots unavailable)
Stlth   +.........              k - amulet of the acrobat
HPRegen 0.97/turn               s - ring of poison resistance
MPRegen 0.09/turn               (no ring)

@: held
A: large, unfitting armour, claws 3, regeneration 1, shaggy fur 1, tough skin 1
a: Renounce Religion, Berserk, Trog's Hand


You were on level 4 of the Dungeon.
You worshipped Trog.
Trog was pleased with you.
You visited 1 branch of the dungeon, and saw 4 of its levels.

You collected 177 gold pieces.

Inventory:

Missiles
 f - 78 stones (quivered)
 n - 10 poisoned darts
 q - 4 large rocks
Armour
 a - a +0 animal skin (worn)
 m - a +0 pair of boots
Jewellery
 k - an amulet of the acrobat (around neck)
 s - a ring of poison resistance (left claw)
Wands
 p - a wand of paralysis (9)
Scrolls
 b - 2 scrolls of identify {unknown}
 d - a scroll of immolation {unknown}
 e - a scroll of enchant armour {unknown}
 i - 2 scrolls of amnesia {unknown}
 j - 2 scrolls of teleportation {unknown}
 o - a scroll of fog {unknown}
 t - a scroll of enchant weapon {unknown}
Potions
 c - a potion of degeneration {unknown}
 g - 2 potions of ambrosia {unknown}
 h - a potion of cancellation {unknown}
 l - a potion of flight {unknown}
 r - a potion of curing {unknown}


   Skills:
 + Level 3.0 Fighting
 + Level 3.5 Dodging
 + Level 0.5 Stealth
 + Level 5.1 Unarmed Combat


You had 4 spell levels left.
You didn't know any spells.
Your spell library contained the following spells:

 Spells                   Type           Power      Damage    Failure   Level
 Animate Skeleton         Necr           0%         N/A       52%         1
 Pain                     Necr           0%         1d4       52%         1
 Call Canine Familiar     Summ           0%         N/A       88%         3
 Portal Projectile        Hex/Tloc       0%         N/A       88%         3
 Vampiric Draining        Necr           0%         2d6       88%         3
 Leda's Liquefaction      Hex/Erth       0%         N/A       99%         4


Dungeon Overview and Level Annotations

Branches:
Dungeon (4/15)             Temple (0/1) D:4

Altars:
Okawaru


Innate Abilities, Weirdness & Mutations

You are too large for most types of armour.
You have claws for hands.
Your natural rate of healing is unusually fast.
You are covered in fur. (AC +1)
You have tough skin. (AC +1)


Message History

You hear a shout!
A gnoll comes into view. It is wielding a +0 spear.
You hear an angry hiss.
You hear a shout!
There is an open door here.
The gnoll misses you. The gnoll barely misses you.
You completely miss the gnoll. The black bear bites you.
The black bear barely misses you. The black bear claws you.
The gnoll misses you. The gnoll barely misses you.
You mangle the gnoll!!
You kill the gnoll!
Trog accepts your kill. The gnoll barely misses you.
The gnoll hits you from afar with a +0 spear.
The gnoll hits you with a +0 flail! The black bear barely misses you. x2
The black bear claws you. The gnoll attacks as you move away!
The gnoll closely misses you.
There is an open door here.
You claw the black bear!
The black bear is moderately wounded.
The gnoll hits you from afar with a +0 spear.
The gnoll barely misses you.
The black bear bites you but does no damage.
The black bear completely misses you. The black bear claws you.
The gnoll hits you with a +0 flail.
You claw the black bear! x2
You kill the black bear!
Trog accepts your kill. The gnoll closely misses you.
The gnoll barely misses you.
The gnoll throws a throwing net.
The throwing net hits you.
You become entangled in the net!
Your Fighting skill increases to level 3!
Your Unarmed Combat skill increases to level 5!
You struggle against the net.
The gnoll hits you from afar with a +0 spear. x2
You struggle against the net.
The gnoll hits you from afar with a +0 spear.
The gnoll hits you with a +0 flail!
* * * LOW HITPOINT WARNING * * *
The gnoll hits you from afar with a +0 spear.
You die...

....# # ....# .. .... ###
....####.## #.. ...
........... ... ....
...†..## #.. ..... ......#
#.#+####..... ...<..+
#.#.#.......#
#.....########.#.#g......#
................@g.).....#
#......#######.#.#g......#
#......# #.#.#.......#
.......# #.#.###+###.#
.......#######'#+## #
.......##.........#
.......##.........#
#.................#
..####............#


You could see 3 gnolls.

Vanquished Creatures
  A black bear (D:4)
  A bullfrog (D:4)
  A hound (D:4)
  A gnoll (D:4)
  An adder (D:2)
  An orc (D:4)
  2 bats
  9 endoplasms
  2 giant cockroaches
  A goblin (D:2)
  6 hobgoblins
  2 jackals (D:2)
  A quokka (D:1)
  4 ball pythons
  8 kobolds
  5 rats
  5 bushes (D:1)
51 creatures vanquished.

Vanquished Creatures (others)
  11 plants (D:1)
11 creatures vanquished.

Grand Total: 62 creatures vanquished

Notes
Turn   | Place    | Note
-------+----------+-------------------------------------------
     0 | D:1      | gzilladon the Troll Berserker began the quest for the Orb.
     0 | D:1      | Reached XP level 1. HP: 22/22 MP: 0/0
   407 | D:1      | Reached XP level 2. HP: 29/29 MP: 1/1
   855 | D:2      | Reached XP level 3. HP: 36/36 MP: 2/2
   878 | D:2      | Found an iron altar of Okawaru.
  1004 | D:2      | Found a faded altar of an unknown god.
  1741 | D:3      | Reached ** piety under Trog
  1943 | D:4      | Reached skill level 4 in Unarmed Combat
  1943 | D:4      | Reached XP level 4. HP: 39/44 MP: 3/3
  1976 | D:4      | Found a staircase to the Ecumenical Temple.
  2023 | D:4      | Noticed a bullfrog
  2032 | D:4      | Killed a bullfrog
  2033 | D:4      | Reached XP level 5. HP: 43/52 MP: 4/4
  2137 | D:4      | Noticed a black bear
  2145 | D:4      | Killed a black bear
  2146 | D:4      | Reached skill level 5 in Unarmed Combat
  2147 | D:4      | Slain by a gnoll

Illustrated notes

Levels and vault maps discovered:
D:1:      sevenhm_arrival_forest_fort_small_3, layout_rooms, serial_forest,
          infiniplex_forest_lined_2, infiniplex_forest_end_double,
          infiniplex_forest_straight_5, infiniplex_forest_clump_small,
          infiniplex_forest_straight_4, infiniplex_forest_lined_ring,
          grunt_decor_mini_mirrors
D:2:      layout_basic, shapermc_ecumenical_altar_starsandcircs, basic_altar
D:3:      layout_loops_ring
D:4:      layout_basic, minmay_temple_entry_glass, minmay_misc_feat_tiny,
          grunt_ministairs_2, st_stairs_12

Skill      XL: |  1  2  3  4  5 |
---------------+----------------+-----
Dodging        | 3 |  3.5
Unarmed Combat | 4 5 |  5.1
Fighting       | 3 |  3.0
Stealth        | |  0.5

Action                   |  1- 3 |  4- 6 || total
-------------------------+-------+-------++-------
Melee: Unarmed           |   306 |    21 ||   327
       Punch             |    10 |     2 ||    12
 Stab: Sleeping          |     1 |       ||     1
Armor: Animal skin       |    32 |     5 ||    37
Dodge: Dodged            |    56 |    25 ||    81

Table legend: (Time is in decaauts)
 A = Elapsed time spent in this place.
 B = Non-inter-level travel time spent in this place.
 C = Inter-level travel time spent in this place.
 D = Time resting spent in this place.
 E = Time spent auto-exploring this place.
 F = Levels seen in this place.
 G = Mean time per level.
                   A        B        C        D        E       F      G
               +--------+--------+--------+--------+--------+-----+--------+
         Total |   2132 |   2102 |     30 |      0 |      0 |   4 |  533.0 |
       Dungeon |   2132 |   2102 |     30 |      0 |      0 |   4 |  533.0 |
               +--------+--------+--------+--------+--------+-----+--------+

Top non-repeatable levels by time:
     D:1: 731 daAuts
     D:3: 685 daAuts
     D:2: 505 daAuts
     D:4: 209 daAuts
